 Dungeon Crawl Stone Soup version 0.26-a0-651-gb41185065b (webtiles) character file.

Game seed: 16716484407694161810

607 Irenicus the Slasher (level 7, -6/60 HPs)
             Began as a Gnoll Chaos Knight on Oct 1, 2020.
             Was a Plaything of Xom.
             Mangled by a centaur (7 damage)
             ... on level 5 of the Dungeon.
             The game lasted 00:11:39 (1746 turns).

Irenicus the Slasher (Gnoll Chaos Knight)           Turns: 1746, Time: 00:11:40

Health: -6/60      AC:  6    Str: 12 (15) XL:     7   Next: 43%
Magic:  10/10      EV: 13    Int: 11 (14) God:    Xom [....*.]
Gold:   76         SH:  5    Dex: 17 (18) Spells: 11/11 levels left

rFire    . . .     SeeInvis .   a - +0 falchion (chaos)
rCold    . . .     Faith    .   r - +0 buckler
rNeg     . . .     Spirit   .   b - +2 leather armour
rPois    +         Reflect  .   (helmet restricted)
rElec    .         Harm     .   h - +0 cloak
rCorr    .         Rampage  .   (no gloves)
MR       .....                  (no boots)
Stlth    +++.......             (no amulet)
HPRegen  0.20/turn              f - ring of wizardry {Wiz+, !d}
MPRegen  0.12/turn              (no ring)

@: no status effects
A: distributed training, fangs 1, horns 1, talons 1, thin skeletal structure 1,
poison resistance, strong nose
a: Renounce Religion


You were on level 5 of the Dungeon.
You worshipped Xom.
You were a beloved toy of Xom.
You visited 1 branch of the dungeon, and saw 5 of its levels.
You also visited: Ossuary.

You collected 142 gold pieces.
You spent 66 gold pieces at shops.

Inventory:

Hand Weapons
 a - a +0 falchion of chaos (weapon)
Missiles
 d - a throwing net {=f, !d}
Armour
 b - a +2 leather armour (worn)
 h - a +0 cloak (worn)
   (You found it on level 1 of the Dungeon)
 l - a +0 helmet
   (You found it on level 3 of the Dungeon)
 r - a +0 buckler (worn)
   (You found it on level 6 of the Dungeon)
Jewellery
 f - a ring of wizardry (left hand) {Wiz+, !d}
   (You found it on level 1 of the Dungeon)
 B - an uncursed ring of fire {rF+, rC-}
   (You found it on level 5 of the Dungeon)
Wands
 x - a wand of paralysis (3)
   (You found it in an ossuary)
 y - a wand of enslavement (12)
   (You found it in an ossuary)
 z - a wand of random effects (13)
   (You found it in an ossuary)
Scrolls
 c - 4 scrolls of identify {unknown}
 e - 3 scrolls of remove curse {unknown}
 i - 3 scrolls of amnesia {unknown}
 j - 2 scrolls of immolation {unknown}
 k - a scroll of fog {unknown}
 m - 2 scrolls of teleportation {unknown}
 p - a scroll of blinking {unknown}
 q - a scroll of enchant weapon {unknown}
 s - a scroll of noise {unknown}
 u - a scroll of holy word {unknown}
 v - a scroll of magic mapping {unknown}
 w - 2 scrolls of fear {unknown}
Potions
 g - 2 potions of mutation {!q}
 o - a potion of haste


   Skills:
 + Level 7.0 Fighting
 + Level 2.5 Short Blades
 + Level 7.0 Long Blades
 + Level 2.5 Axes
 + Level 2.5 Maces & Flails
 + Level 2.5 Polearms
 + Level 2.5 Staves
 + Level 2.5 Slings
 + Level 2.5 Bows
 + Level 2.5 Crossbows
 + Level 2.5 Throwing
 + Level 5.2 Armour
 + Level 3.6 Dodging
 + Level 2.5 Stealth
 + Level 2.5 Shields
 + Level 2.5 Unarmed Combat
 + Level 2.5 Spellcasting
 + Level 2.0 Conjurations
 + Level 2.0 Hexes
 + Level 2.0 Summonings
 + Level 2.0 Necromancy
 + Level 2.0 Translocations
 + Level 2.0 Transmutations
 + Level 2.0 Fire Magic
 + Level 2.0 Ice Magic
 + Level 2.0 Air Magic
 + Level 2.0 Earth Magic
 + Level 2.0 Poison Magic
 + Level 2.7 Invocations
 + Level 2.5 Evocations


You had 11 spell levels left.
You didn't know any spells.
Your spell library was empty.

Dungeon Overview and Level Annotations

Branches:
Dungeon (6/15)            Ossuary (visited)
 Temple: D:4-7

Altars:
Dithmenos
Hepliaklqana
Qazlal
Ru
Zin
The Shining One

Shops:
D:5 *


Innate Abilities, Weirdness & Mutations

Your experience applies equally to all skills.
You have very sharp teeth.
Your uncanny sense of smell can sniff out nearby items.
You have a pair of small horns on your head.
You have sharp toenails.
You have a somewhat thin skeletal structure. (Dex +2, Stealth)
Your system is resistant to poisons. (rPois)


Message History

The jelly jiggles.
The jelly barely misses you. The quokka barely misses your centaur.
The adder bites your centaur but does no damage.
Your centaur unwields a +0 shortbow.
Your centaur barely misses the adder.
Okay, then.
Okay, then.
It was a potion of haste.
You feel yourself speed up. The quokka closely misses your centaur.
The adder bites your centaur.
Your centaur hits the adder. You block the jelly's attack.
A scorpion comes into view.
The quokka bites your centaur but does no damage.
The adder bites your centaur but does no damage.
It was a potion of degeneration.
There was something very wrong with that liquid.
You feel weakened.
You feel dopey.
You feel clumsy.
Your centaur hits the adder.
The adder dies!
The jelly closely misses you.
It was a potion of curing.
You feel better. "Heh heh heh..."
The jelly looks rather confused.
The scorpion looks rather confused.
The quokka looks rather confused.
Your centaur hits the jelly!
Your centaur is burned by acid!
Your centaur dies!
Your Conjurations skill increases to level 2!
Your Hexes skill increases to level 2!
Your Summonings skill increases to level 2!
Your Necromancy skill increases to level 2!
Your Translocations skill increases to level 2!
Your Transmutations skill increases to level 2!
Your Fire Magic skill increases to level 2!
Your Ice Magic skill increases to level 2!
Your Air Magic skill increases to level 2!
Your Earth Magic skill increases to level 2!
Your Poison Magic skill increases to level 2!
The jelly misses you.
You regained 7 hp, and now have 18/60 hp.
You strike the helpless jelly from behind!
You hit the jelly.
You kill the jelly!
The quokka closely misses you.
Items here: ( )) [[.
You strike the helpless quokka from behind!
You hit the quokka. Lightning courses through the quokka!
You kill the quokka!
A centaur comes into view.
Okay, then.
The centaur shouts!
The centaur wields a +0 shortbow.
The centaur shoots an arrow.
The arrow hits you!
* * * LOW HITPOINT WARNING * * *
You see here an arrow.
You take 10 damage, and have 9/60 hp.
Things that are here:
an arrow; an adder corpse It was a potion of cancellation.
Your magical effects are unravelling.
You feel magically purged.
You feel yourself slow down.
You hit the centaur. You claw the centaur.
You headbutt the centaur, but do no damage.
You bite the centaur, but do no damage.
The centaur is moderately wounded.
The centaur unwields a +0 shortbow.
The centaur hits you.
* * * LOW HITPOINT WARNING * * *
You take 2 damage, and have 7/60 hp.
Okay, then.
Evoke which item? (* to show all) (? for menu, Esc to quit)
Aiming: Paralyse
Press: ? - help, Shift-Dir - straight line, f - centaur
Aim: a centaur, quivering 22 arrows (lightly wounded, chance to defeat MR: 52%)
The centaur resists with significant effort.
The centaur barely misses you.
Evoke which item? (* to show all) (? for menu, Esc to quit)
Aiming: Paralyse
Press: ? - help, Shift-Dir - straight line, f/p - centaur
Aim: a centaur, quivering 22 arrows (lightly wounded, chance to defeat MR: 52%)
The centaur resists with significant effort.
You hear Xom's avuncular chuckle.
The scorpion seems to slow down.
You are now a beloved toy of Xom.
The centaur hits you!
* * * LOW HITPOINT WARNING * * *
The centaur closely misses you.
You take 7 damage, and have 1/60 hp.
Evoke which item? (* to show all) (? for menu, Esc to quit)
Aiming: Paralyse
Press: ? - help, Shift-Dir - straight line, f/p - centaur
Aim: a centaur, quivering 22 arrows (lightly wounded, chance to defeat MR: 52%)
The centaur resists with significant effort.
The centaur hits you but does no damage.
Evoke which item? (* to show all) (? for menu, Esc to quit)
Aiming: Paralyse
Press: ? - help, Shift-Dir - straight line, f/p - centaur
Aim: a centaur, quivering 22 arrows (lightly wounded, chance to defeat MR: 52%)
The centaur resists with significant effort.
You block the centaur's attack. The centaur hits you!
You die...
Xom giggles madly!

....# #...... ⌠.⌠.#
#..... .∩..# #.
#..... ⌠.⌠## #.
#.#..... ### ####
#.##... ... ##.... #
#.##..# #.##..... #
#.#.(.###.s..#
#######...#...#(c#
.....#....#...))@#
.....#....#..(##.#
.....#........##..#
..........#...###...
.....#....#...# ####
.....#....#...#
.....#....#...#
...[.#....#...#
###########...#


You could see a centaur and a scorpion (confused, slow).

Vanquished Creatures
  An ogre (D:6)
  A big kobold (D:6)
  A wight (Ossuary)
  A howler monkey (D:5)
  A jelly (D:5)
  2 orc wizards
  A hound (D:6)
  A howler monkey zombie (D:3)
  2 adders (D:2)
  An ooze (D:2)
  An adder zombie (Ossuary)
  2 worms (D:2)
  3 leopard geckos
  8 orcs
  5 giant cockroaches
  13 goblins
  9 hobgoblins
  7 jackals (D:1)
  4 quokkas
  2 ball python skeletons (Ossuary)
  7 bats
  4 frilled lizards
  A hobgoblin zombie (Ossuary)
  5 kobolds
  2 kobold zombies (Ossuary)
  2 orc zombies (Ossuary)
  7 rats
94 creatures vanquished.

Vanquished Creatures (collateral kills)
  An adder (D:5)
1 creature vanquished.

Vanquished Creatures (others)
  A centaur (D:5)
  An orc wizard (D:5)
2 creatures vanquished.

Grand Total: 97 creatures vanquished

Notes
Turn   | Place    | Note
-------+----------+-------------------------------------------
     0 | D:1      | Irenicus the Gnoll Chaos Knight began the quest for the
                  | Orb.
     0 | D:1      | Reached XP level 1. HP: 23/23 MP: 1/1
    98 | D:1      | Reached XP level 2. HP: 25/29 MP: 2/2
   124 | D:1      | XOM: divination: detect creatures
   208 | D:1      | XOM: silly message
   263 | D:1      | Reached XP level 3. HP: 34/35 MP: 3/3
   348 | D:2      | Found a sacrificial altar of Ru.
   453 | D:2      | Reached skill level 1 in Invocations
   590 | D:3      | XOM: divination: detect items
   610 | D:3      | Reached skill level 1 in Short Blades
   610 | D:3      | Reached skill level 1 in Axes
   610 | D:3      | Reached skill level 1 in Maces & Flails
   610 | D:3      | Reached skill level 1 in Polearms
   610 | D:3      | Reached skill level 1 in Staves
   610 | D:3      | Reached skill level 1 in Slings
   610 | D:3      | Reached skill level 1 in Bows
   610 | D:3      | Reached skill level 1 in Crossbows
   610 | D:3      | Reached skill level 1 in Throwing
   610 | D:3      | Reached skill level 1 in Stealth
   610 | D:3      | Reached skill level 1 in Shields
   610 | D:3      | Reached skill level 1 in Unarmed Combat
   610 | D:3      | Reached skill level 1 in Spellcasting
   610 | D:3      | Reached skill level 1 in Evocations
   622 | D:3      | Reached XP level 4. HP: 27/41 MP: 5/5
   674 | D:3      | Reached skill level 1 in Conjurations
   674 | D:3      | Reached skill level 1 in Hexes
   674 | D:3      | Reached skill level 1 in Summonings
   674 | D:3      | Reached skill level 1 in Necromancy
   674 | D:3      | Reached skill level 1 in Translocations
   674 | D:3      | Reached skill level 1 in Transmutations
   674 | D:3      | Reached skill level 1 in Fire Magic
   674 | D:3      | Reached skill level 1 in Ice Magic
   674 | D:3      | Reached skill level 1 in Air Magic
   674 | D:3      | Reached skill level 1 in Earth Magic
   674 | D:3      | Reached skill level 1 in Poison Magic
   727 | D:2      | Found a shadowy altar of Dithmenos.
   734 | D:2      | XOM: noise
   751 | D:2      | Reached XP level 5. HP: 12/47 MP: 6/6
   828 | D:2      | Found a glowing golden altar of the Shining One.
  1011 | D:2      | Reached skill level 3 in Dodging
  1016 | D:2      | Found a stormy altar of Qazlal.
  1161 | D:3      | Found a glowing silver altar of Zin.
  1187 | D:3      | Found a hazy altar of Hepliaklqana.
  1274 | D:3      | You fall into a shaft and drop 3 floors!
  1299 | D:6      | Noticed an ogre
  1323 | D:6      | Killed an ogre
  1323 | D:6      | Reached skill level 2 in Invocations
  1323 | D:6      | Reached XP level 6. HP: 28/53 MP: 8/8
  1359 | D:6      | XOM: silly message
  1371 | D:6      | XOM: summons 2 friendly demons
  1374 | D:6      | Found a sand-covered staircase.
  1379 | D:6      | Noticed an orc warrior
  1392 | D:6      | an orc warrior changed into a big kobold
  1400 | D:6      | Reached skill level 2 in Short Blades
  1400 | D:6      | Reached skill level 2 in Axes
  1400 | D:6      | Reached skill level 2 in Maces & Flails
  1400 | D:6      | Reached skill level 2 in Polearms
  1400 | D:6      | Reached skill level 2 in Staves
  1400 | D:6      | Reached skill level 2 in Slings
  1400 | D:6      | Reached skill level 2 in Bows
  1400 | D:6      | Reached skill level 2 in Crossbows
  1400 | D:6      | Reached skill level 2 in Throwing
  1400 | D:6      | Reached skill level 5 in Armour
  1400 | D:6      | Reached skill level 2 in Stealth
  1400 | D:6      | Reached skill level 2 in Shields
  1400 | D:6      | Reached skill level 2 in Unarmed Combat
  1400 | D:6      | Reached skill level 2 in Spellcasting
  1400 | D:6      | Reached skill level 2 in Evocations
  1416 | Ossuary  | Entered an ossuary
  1526 | Ossuary  | Noticed a flying skull
  1526 | Ossuary  | Noticed a wraith
  1565 | Ossuary  | Noticed a flying skull
  1566 | Ossuary  | Noticed a flying skull
  1656 | D:5      | Entered Level 5 of the Dungeon
  1659 | D:5      | Found Zeann's Assorted Antiques.
  1667 | D:5      | Irenicus: !warlock
  1667 | D:5      | Irenicus: ?? warlock
  1667 | D:5      | beem: Warlock's Mirror[1/3]: A +3 buckler of reflection
                  | that allows you to reflect piercing effects and
                  | enchantments, among other things. Extra fun with anything
                  | that boosts your SH beyond what the buckler gets you!
  1667 | D:5      | Bought a scroll labeled HIEHIE MEGUXI for 24 gold pieces
  1667 | D:5      | Bought an inky potion for 21 gold pieces
  1667 | D:5      | Bought a fuming clear potion for 21 gold pieces
  1707 | D:5      | XOM: smoke on damage
  1710 | D:5      | Reached XP level 7. HP: 45/59 MP: 10/10
  1721 | D:5      | Reached skill level 7 in Fighting
  1721 | D:5      | Reached skill level 7 in Long Blades
  1731 | D:5      | HP: 11/60 [acid (5)]
  1732 | D:5      | Gained mutation: You have sharp toenails. [potion of
                  | mutation]
  1732 | D:5      | Gained mutation: You have a somewhat thin skeletal
                  | structure. (Dex +2, Stealth) [potion of mutation]
  1732 | D:5      | Gained mutation: You have a pair of small horns on your
                  | head. [potion of mutation]
  1732 | D:5      | Gained mutation: Your system is resistant to poisons.
                  | (rPois) [potion of mutation]
  1732 | D:5      | XOM: enchant monster (good)
  1735 | D:5      | XOM: confuse monster(s)
  1735 | D:5      | Reached skill level 2 in Conjurations
  1735 | D:5      | Reached skill level 2 in Hexes
  1735 | D:5      | Reached skill level 2 in Summonings
  1735 | D:5      | Reached skill level 2 in Necromancy
  1735 | D:5      | Reached skill level 2 in Translocations
  1735 | D:5      | Reached skill level 2 in Transmutations
  1735 | D:5      | Reached skill level 2 in Fire Magic
  1735 | D:5      | Reached skill level 2 in Ice Magic
  1735 | D:5      | Reached skill level 2 in Air Magic
  1735 | D:5      | Reached skill level 2 in Earth Magic
  1735 | D:5      | Reached skill level 2 in Poison Magic
  1739 | D:5      | HP: 9/60 [centaur/arrow (10)]
  1744 | D:5      | XOM: enchant monster (good)
  1744 | D:5      | HP: 1/60 [centaur (7)]
  1746 | D:5      | Mangled by a centaur

Illustrated notes

Levels and vault maps discovered:
D:1:      ncdulo_wetmaze, layout_loops_ring, minmay_pentomino_w2
D:2:      layout_basic, nicolae_ru_path_of_blood,
          grunt_dithmenos_smoke_and_mirrors, grunt_qazlal_sundering,
          tso_oasis_becter, minmay_fountain_box, minivault_14,
          hangedman_decor_clover_reticule, kennysheep_pointless_box
D:3:      layout_basic, nicolae_overflow_crystal_walls, zin_academy,
          chequers_ecumenical_altar_simple_redux
D:5:      layout_rooms, kennysheep_mini_moat, temple_doors_cd, serial_shops,
          shop_fountains
D:6:      kennysheep_orc_sif_temple, layout_basic, enter_ossuary_3

Skill      XL: |  1  2  3  4  5  6  7 |
---------------+----------------------+-----
Invocations    | 1 2 |  2.7
Short Blades   | 1 2 |  2.5
Axes           | 1 2 |  2.5
Maces & Flails | 1 2 |  2.5
Polearms       | 1 2 |  2.5
Staves         | 1 2 |  2.5
Slings         | 1 2 |  2.5
Bows           | 1 2 |  2.5
Crossbows      | 1 2 |  2.5
Throwing       | 1 2 |  2.5
Stealth        | 1 2 |  2.5
Shields        | 1 2 |  2.5
Unarmed Combat | 1 2 |  2.5
Spellcasting   | 1 2 |  2.5
Evocations     | 1 2 |  2.5
Conjurations   | 1 2 |  2.0
Hexes          | 1 2 |  2.0
Summonings     | 1 2 |  2.0
Necromancy     | 1 2 |  2.0
Translocations | 1 2 |  2.0
Transmutations | 1 2 |  2.0
Fire Magic     | 1 2 |  2.0
Ice Magic      | 1 2 |  2.0
Air Magic      | 1 2 |  2.0
Earth Magic    | 1 2 |  2.0
Poison Magic   | 1 2 |  2.0
Dodging        | 3 |  3.6
Armour         | 5 |  5.2
Fighting       | 7 |  7.0
Long Blades    | 7 |  7.0

Action                   |  1- 3 |  4- 6 |  7- 9 || total
-------------------------+-------+-------+-------++-------
Melee: Falchion          |    93 |   153 |    17 ||   263
       Bite              |    10 |    28 |     2 ||    40
       Kick              |       |       |     1 ||     1
       Headbutt          |       |       |     1 ||     1
Evoke: Wand              |       |       |     4 ||     4
  Use: Potion            |       |     1 |     5 ||     6
 Stab: Sleeping          |     2 |     5 |       ||     7
       Paralysed         |       |     1 |       ||     1
       Confused          |       |     1 |     2 ||     3
       Distracted        |       |     1 |       ||     1
       Petrified         |       |       |     3 ||     3
Armor: Leather armour    |    26 |    62 |    13 ||   101
Dodge: Dodged            |    53 |    99 |    13 ||   165
Block: Buckler           |       |     4 |     4 ||     8
       Rpst.: Falchion   |    18 |    34 |       ||    52

Table legend: (Time is in decaauts)
 A = Elapsed time spent in this place.
 B = Non-inter-level travel time spent in this place.
 C = Inter-level travel time spent in this place.
 D = Time resting spent in this place.
 E = Time spent auto-exploring this place.
 F = Levels seen in this place.
 G = Mean time per level.
                   A        B        C        D        E       F      G
               +--------+--------+--------+--------+--------+-----+--------+
         Total |   1748 |   1748 |      0 |      0 |      0 |   6 |  291.3 |
       Dungeon |   1535 |   1535 |      0 |      0 |      0 |   5 |  307.0 |
       Ossuary |    212 |    212 |      0 |      0 |      0 |   1 |  212.0 |
               +--------+--------+--------+--------+--------+-----+--------+

Top non-repeatable levels by time:
     D:2: 537 daAuts
     D:3: 431 daAuts
     D:1: 314 daAuts
 Ossuary: 212 daAuts
     D:6: 167 daAuts
     D:5: 84 daAuts

Table legend:
 A = Kills in this place as a percentage of kills in entire the game.
 B = Kills by you in this place as a percentage of kills by you in the entire game.
 C = Kills by friends in this place as a percentage of kills by friends in the entire game.
 D = Other kills in this place as a percentage of other kills in the entire game.
 E = Experience gained in this place as a percentage of experience gained in the entire game.
 F = Experience gained in this place divided by the number of levels of this place that you have seen.
                   A       B       C       D       E      F
               +-------+-------+-------+-------+-------+----------------------
         Total | 100.0 | 100.0 | 100.0 | 100.0 | 100.0 | 144.7
       Dungeon |  89.8 |  90.4 | 100.0 |  66.7 |  85.7 | 148.8
       Ossuary |  10.2 |   9.6 |   0.0 |  33.3 |  14.3 | 124.0
               +-------+-------+-------+-------+-------+----------------------
